 Dungeon Crawl Stone Soup version 0.30.1-3-gfc49f6343a (webtiles) character file.

Game seed: 7319423062234323611

109 ChrisAssaf the Conjurer (level 4, -7/31 HPs)
             Began as a Demonspawn Conjurer on Aug 8, 2023.
             Was a Follower of Qazlal.
             Shot with an arrow by a centaur (15 damage)
             ... on level 4 of the Dungeon.
             The game lasted 00:11:17 (3339 turns).

ChrisAssaf the Conjurer (Demonspawn Conjurer)       Turns: 3339, Time: 00:11:17

Health: -7/31      AC:  2    Str:  9    XL:     4   Next: 60%
Magic:  7/7        EV: 12    Int: 20    God:    Qazlal [*.....]
Gold:   94         SH:  1    Dex: 11    Spells: 0/7 levels left

rFire   . . .        d - +2 quarterstaff (chaos)
rCold   . . .        (shield currently unavailable)
rNeg    + . .        a - +0 robe
rPois   .            (no helmet)
rElec   .            (no cloak)
rCorr   .            (no gloves)
SInv    .            (no boots)
Will    .....        (no amulet)
Stlth   ++           f - ring of positive energy
HPRegen 0.25/turn    k - ring of wizardry
MPRegen 0.10/turn

%: wizardry (x1)
@: no status effects
A: hooves 2, demonic magic 1
a: Renounce Religion


You were on level 4 of the Dungeon.
You worshipped Qazlal.
Qazlal was aware of your devotion.
You visited 1 branch of the dungeon, and saw 4 of its levels.

You collected 209 gold pieces.
You spent 115 gold pieces at shops.

Inventory:

Hand Weapons
 d - a +2 quarterstaff of chaos (weapon)
Armour
 a - a +0 robe (worn)
Jewellery
 f - a ring of positive energy (left hand)
 k - a ring of wizardry (right hand)
 r - a ring of ice
Scrolls
 g - a scroll of fog
 j - a scroll of silence
 m - 2 scrolls of teleportation
 q - a scroll of magic mapping
 t - a scroll of enchant weapon
Potions
 b - a potion of ambrosia {unknown}
 c - 2 potions of attraction {unknown}
 e - a potion of brilliance {unknown}
 h - a potion of heal wounds {unknown}
 i - a potion of mutation {unknown}
 l - a potion of berserk rage {unknown}
 n - a potion of flight {unknown}
 p - a potion of lignification {unknown}


   Skills:
 * Level 0.5 Fighting
 * Level 1.0 Armour
 * Level 2.2 Dodging
 * Level 2.1 Stealth
 * Level 2.4 Spellcasting
 * Level 5.0 Conjurations
 * Level 0.1 Hexes
 * Level 0.3 Invocations


You couldn't memorise any spells.
You knew the following spells:

 Your Spells              Type           Power      Damage    Failure   Level
a - Magic Dart            Conj           88%        1d7       1%          1
b - Searing Ray           Conj           44%        2d6       1%          2
c - Fulminant Prism       Conj/Hex       6%         3d7       21%         4

Your spell library contained the following spells:

 Spells                   Type           Power      Damage    Failure   Level
 Dazzling Flash           Conj/Hex       24%        N/A       6%          3
 Hailstorm                Conj/Ice       12%        3d5       6%          3
 Iskenderun's Mystic Bla  Conj/Tloc      12%        2d5       21%         4
 Ice Form                 Ice/Tmut       2%         N/A       50%         4
 Simulacrum               Ice/Necr       1%         N/A       100%        6


Dungeon Overview and Level Annotations

Branches:
Dungeon (4/15)
 Temple: D:4-7

Altars:
Kikubaaqudgha
Qazlal

Shops:
D:2 (   D:3 ?


Innate Abilities, Weirdness & Mutations

You have hoof-like feet.
Spells you cast may paralyse adjacent enemies.


Message History

s - 2 scrolls of identify (gained 1) Thank you for shopping at Daorur's Magic Scroll Emporium!
As you read the scroll of identify, it crumbles to dust.
t - a scroll of enchant weapon
As you read the scroll of identify, it crumbles to dust.
g - a scroll of fog
There is an open door here.
There is an open door here.
There is an open door here.
There is an open door here.
There is an open door here.
You open the door.
There is an open door here.
There is an open door here.
There is an open door here.
There is an open door here.
There is an open door here.
There is an open translucent door, spattered with blood here.
Done exploring.
Done exploring.
There is an open translucent door, spattered with blood here.
There is an open door here.
There is a stone staircase leading down here.
You climb downwards.
There is a stone staircase leading up here.
A centaur comes into view.
The centaur shouts!
A centaur comes into view.
Found a manual of Stealth.
The centaur wields a +0 shortbow.
The centaur shoots an arrow.
The arrow barely misses you.
Really read the scroll of immolation?
As you read the scroll of immolation, it crumbles to dust.
The creatures around you are filled with an inner flame!
The centaur shoots an arrow.
The arrow hits you!
The centaur wields a +0 heavy shortbow.
The centaur shoots an arrow.
The arrow hits you!
Ouch! That really hurt!
* * * LOW HITPOINT WARNING * * *
The centaur shoots an arrow.
The arrow hits you!
You die...

#######
#@...<#
:.c.....#####
##c#.....
#....##
#......
........
..#.....#
#####.#..


You could see 2 centaurs.

Vanquished Creatures
  Crazy Yiuf (D:3)
  Terence (D:3)
  An adder (D:2)
  A dart slug (D:1)
  An orc (D:2)
  5 ball pythons
  4 endoplasms
  2 goblins (D:1)
  4 hobgoblins
  A jackal (D:1)
  2 quokkas (D:3)
  8 bats
  4 frilled lizards
  3 kobolds
  4 rats
42 creatures vanquished.

Notes
Turn   | Place    | Note
-------+----------+-------------------------------------------
     0 | D:1      | ChrisAssaf the Demonspawn Conjurer began the quest for the
                  | Orb.
     0 | D:1      | Reached XP level 1. HP: 13/13 MP: 3/3
   246 | D:1      | Gained mutation: You have large cloven feet. [demonic
                  | ancestry]
   246 | D:1      | Reached XP level 2. HP: 19/19 MP: 0/5
   273 | D:1      | Learned a level 2 spell: Searing Ray
   417 | D:2      | Found Yselihau's Antique Weapon Shoppe.
   646 | D:2      | Found a faded altar of an unknown god.
   660 | D:2      | Prayed at the altar of an unknown god.
   660 | D:2      | Became a worshipper of Qazlal Stormbringer
   660 | D:2      | Reached * piety under Qazlal
   847 | D:2      | Gained mutation: Spells you cast may paralyse adjacent
                  | enemies. [demonic ancestry]
   847 | D:2      | Reached XP level 3. HP: 24/24 MP: 3/6
  1949 | D:3      | Noticed Terence
  1993 | D:3      | Killed Terence
  1994 | D:3      | Gained mutation: You have hoof-like feet. [demonic
                  | ancestry]
  1994 | D:3      | Reached XP level 4. HP: 14/31 MP: 0/7
  2175 | D:3      | Learned a level 4 spell: Fulminant Prism
  2336 | D:3      | Found an ancient bone altar of Kikubaaqudgha.
  2465 | D:3      | Found a runed translucent door.
  2466 | D:3      | Noticed Crazy Yiuf
  2528 | D:3      | Killed Crazy Yiuf
  2529 | D:3      | Reached skill level 1 in Armour
  2529 | D:3      | Reached skill level 5 in Conjurations
  2932 | D:3      | Found Daorur's Magic Scroll Emporium.
  2949 | D:3      | Bought a scroll of magic mapping for 75 gold pieces
  2949 | D:3      | Bought a scroll of identify for 20 gold pieces
  2949 | D:3      | Bought a scroll of identify for 20 gold pieces
  3337 | D:4      | Noticed a centaur
  3338 | D:4      | Noticed a centaur
  3339 | D:4      | Shot with an arrow by a centaur

Illustrated notes

Levels and vault maps discovered:
D:1:      dpeg_arrival_brainrot, layout_basic
D:2:      layout_basic, hellmonk_ecumenical_altar_zigzags, serial_shops, shop,
          kennysheep_generic_room_4
D:3:      layout_loops_corners, mainiacjoe_overflow_boulevard, serial_shops,
          nicolae_shop_window_shopping, roderic_lattice_a,
          nicolae_concentric_dashed_squares_wild, kennysheep_pointless_box,
          uniq_crazy_yiuf_cottage, uniq_terence
D:4:      minmay_chambers_of_twos, layout_basic, kennysheep_mini,
          mainiacjoe_overflow_small_starburst, serial_bayou_lagoon_a,
          chequers_big_river, wad_floor_pattern_1, minmay_manual_mares

Skill      XL: |  1  2  3  4 |
---------------+-------------+-----
Stealth        | 2 |  2.1
Dodging        | 2 |  2.2
Armour         | 1 |  1.0
Conjurations   | 5 |  5.0
Fighting       | |  0.5
Spellcasting   | |  2.4
Hexes          | |  0.1
Invocations    | |  0.3

Action                     |  1- 3 |  4- 6 || total
---------------------------+-------+-------++-------
  Melee: Unarmed           |     5 |     8 ||    13
         Kick              |     2 |     1 ||     3
         Quarterstaff      |       |     2 ||     2
   Cast: Magic Dart        |    17 |       ||    17
         Searing Ray       |    26 |     7 ||    33
    Use: Potion            |     4 |     2 ||     6
         Scroll            |     3 |     6 ||     9
   Stab: Paralysed         |     1 |     2 ||     3
 Armour: Robe              |     6 |       ||     6
  Dodge: Dodged            |    53 |     9 ||    62
  Block: Other             |       |     2 ||     2
